 Dungeon Crawl Stone Soup version 0.28.0-45-g0d030f2227 (webtiles) character file.

Game seed: 9480707044934518669

3548 psko the Thaumaturge (level 9, -9/43 HPs)
             Began as a Spriggan Conjurer on Apr 23, 2022.
             Was a Follower of Vehumet.
             Shot with an arrow by a centaur (12 damage)
             ... on level 8 of the Dungeon.
             The game lasted 00:52:30 (10484 turns).

psko the Thaumaturge (Spriggan Conjurer)           Turns: 10484, Time: 00:52:31

Health: -9/43      AC:  0    Str:  7    XL:     9   Next: 83%
Magic:  23/24      EV: 19    Int: 20    God:    Vehumet [*.....]
Gold:   458        SH:  0    Dex: 13    Spells: 19/28 levels left

rFire   . . .      SeeInvis +   i - +0 short sword (speed)
rCold   . . .      Faith    .   (no shield)
rNeg    . . .      Spirit   .   (armour restricted)
rPois   .          Reflect  .   (helmet restricted)
rElec   .          Harm     .   g - scarf {repulsion}
rCorr   .          Rampage  .   (gloves unavailable)
Will    ++...                   (boots unavailable)
Stlth   +++.......              d - amulet of magic regeneration
HPRegen 0.14/turn               n - ring of willpower
MPRegen 0.59/turn               u - ring of flight

@: flying, repel missiles, very quick
A: very small, no large weapons, unfitting armour, see invisible, speed 3
a: Renounce Religion


You were on level 8 of the Dungeon.
You worshipped Vehumet.
Vehumet was aware of your devotion.
You visited 1 branch of the dungeon, and saw 9 of its levels.

You collected 458 gold pieces.

Inventory:

Hand Weapons
 b - a +0 dagger
 i - a +0 short sword of speed (weapon)
 x - a +0 whip of flaming
 z - a +0 dire flail of holy wrath
 D - a +0 dagger of freezing
Armour
 a - a +0 robe
 g - a scarf of repulsion (worn)
 h - a +1 chain mail of fire resistance
 G - +0 ice dragon scales
Jewellery
 d - an amulet of magic regeneration (around neck)
 n - a ring of willpower (left hand)
 r - a ring of ice
 u - a ring of flight (right hand)
 H - a ring of fire
Wands
 C - a wand of digging (3)
 I - a wand of iceblast (8)
 K - a wand of flame (10)
Scrolls
 c - a scroll of enchant armour
 m - a scroll of vulnerability {unknown}
 p - a scroll of immolation
 q - 2 scrolls of amnesia
 s - 2 scrolls of fog
 t - a scroll of holy word {unknown}
 v - a scroll of enchant weapon {unknown}
 y - 2 scrolls of teleportation {unknown}
 A - 2 scrolls of summoning {unknown}
 F - a scroll of torment {unknown}
 J - a scroll of identify
Potions
 e - a potion of invisibility
 f - 4 potions of might
 j - 2 potions of ambrosia
 k - 2 potions of curing
 l - a potion of cancellation {unknown}
 o - a potion of brilliance {unknown}
 w - a potion of lignification {unknown}
 B - a potion of resistance {unknown}
 E - 2 potions of berserk rage {unknown}
 L - a potion of degeneration {unknown}


   Skills:
 + Level 2.5 Fighting
 + Level 4.3 Short Blades
 + Level 6.7 Dodging
 + Level 4.7 Stealth
 + Level 10.4 Spellcasting
 + Level 7.1 Conjurations
 + Level 0.5 Fire Magic


You had 19 spell levels left.
You knew the following spells:

 Your Spells              Type           Power      Damage    Failure   Level
a - Magic Dart            Conj           100%       1d8       1%          1
b - Searing Ray           Conj           78%        2d7       1%          2
c - Conjure Flame         Conj/Fire      25%        6-21      4%          3
d - Dazzling Flash        Conj/Hex       48%        N/A       4%          3

Your spell library contained the following spells:

 Spells                   Type           Power      Damage    Failure   Level
 Freeze                   Ice            40%        1d6       7%          1
 Foxfire                  Conj/Fire      100%       2x1d9     1%          1
 Slow                     Hex            40%        N/A       7%          1
 Mephitic Cloud           Conj/Pois/Air  19%        N/A       8%          3
 Sublimation of Blood     Necr           10%        N/A       10%         2
 Wereblood                Tmut           10%        N/A       10%         2
 Flame Wave               Conj/Fire      25%        2d7       14%         4
 Fulminant Prism          Conj/Hex       12%        3d9       16%         4
 Iskenderun's Mystic Bla  Conj/Tloc      24%        2d7       16%         4
 Ignite Poison            Fire/Tmut/Pois 11%        N/A       19%         3
 Inner Flame              Hex/Fire       11%        N/A       19%         3
 Confusing Touch          Hex            10%        N/A       21%         3
 Vampiric Draining        Necr           10%        2d6       21%         3
 Freezing Cloud           Conj/Ice/Air   9%         6-21      56%         5
 Summon Hydra             Summ           5%         N/A       100%        7


Dungeon Overview and Level Annotations

Branches:
Dungeon (9/15)             Temple (0/1) D:7
   Lair: D:8-11         Orc: D:9-12

Altars:
Dithmenos
Fedhas
Hepliaklqana
Okawaru
Qazlal
Ru
Vehumet
Wu Jian
Yredelemnul
Zin

Shops:
D:5 [

Annotations:
D:8 1 runed translucent door, zurenarrh's ghost, novice GnWn


Innate Abilities, Weirdness & Mutations

You are very small and have problems with some larger weapons.
You are too small for most types of armour.
You have supernaturally acute eyesight. (SInv)
You cover ground extremely quickly. (Speed+++)


Message History

The centaur is moderately wounded.
The centaur barely misses you. The centaur kicks you.
You hit the centaur.
The centaur is moderately wounded.
The centaur hits you. The centaur completely misses you.
You hit the centaur.
You punch the centaur, but do no damage.
The centaur is moderately wounded.
The centaur hits you. The centaur completely misses you.
You barely miss the centaur.
The centaur is moderately wounded.
Casting: Searing Ray (safe; 1% risk of failure)
Confirm with . or Enter, or press ? or * to list all spells.
Aiming: Searing Ray (safe; 1% risk of failure)
Press: ? - help, Shift-Dir - straight line, f - centaur
Aim: a centaur, quivering arrows (moderately wounded, 88% to hit)
The searing ray hits the centaur!
The centaur is severely wounded. (Press . to maintain the ray.)
The centaur hits you. The centaur completely misses you. x2
The centaur kicks you.
The searing ray misses the centaur.
The centaur misses you. The centaur completely misses you.
The searing ray misses the centaur.
The centaur barely misses you. The centaur closely misses you.
The centaur hits you. The centaur closely misses you.
The searing ray misses the centaur.
You finish channelling your searing ray.
The centaur barely misses you. The centaur completely misses you.
The centaur misses you. The centaur kicks you. The centaur hits you.
* * * LOW HITPOINT WARNING * * *
The centaur kicks you.
* * * LOW HITPOINT WARNING * * *
The centaur hits you!
* * * LOW HITPOINT WARNING * * *
The centaur kicks you.
* * * LOW HITPOINT WARNING * * *
The centaur wields a +0 shortbow.
The centaur shoots an arrow.
The arrow hits you!
You die...

#......# #.......#
#.##.#.# ##.######
#.##.#.# #..######
#.##...# ##.......# ####
#.###..###...PPP.[.. ...
............P.PPP.#. #
#..#......####cPP_PP #
..#..####....##....PP..
...........#...@.PPP...#
#...#.#..####.##.#####
#........## #.##.:.
....#.#.#.......######
#. #.#.#.####### #.....#
###.### #.# #.##


You could see a centaur.

Vanquished Creatures
  Pikel (D:4)
  Sigmund (D:6)
  A wyvern (D:8)
  Menkaure (D:4)
  Edmund (D:4)
  2 black bears
  2 orc warriors
  An ice beast (D:6)
  3 sky beasts
  2 ogres
  3 centaurs
  2 lemures (D:4)
  3 phantoms
  A kobold brigand (D:8)
  3 water moccasin zombies (D:5)
  2 scorpions
  A howler monkey (D:9)
  3 bullfrog zombies (D:5)
  A centaur zombie (D:7)
  5 bullfrog skeletons
  2 hounds (D:6)
  4 jellies
  2 centaur skeletons
  An iguana (D:6)
  An orc wizard (D:7)
  2 killer bee zombies (D:6)
  A hound zombie (D:5)
  2 hound skeletons (D:5)
  A howler monkey zombie (D:5)
  7 adders
  A shadow imp (D:6)
  An ufetubus (D:6)
  A worm (D:2)
  7 orcs
  3 bats
  A bat zombie (D:9)
  5 endoplasms
  2 giant cockroaches
  8 hobgoblins
  2 jackals (D:3)
  6 kobolds
  4 quokkas
  4 ball pythons
  2 frilled lizards (D:3)
  3 goblins
  A quokka skeleton (D:4)
  7 rats
  A bush (D:8)
121 creatures vanquished.

Vanquished Creatures (others)
  8 withered plants
8 creatures vanquished.

Grand Total: 129 creatures vanquished

Notes
Turn   | Place    | Note
-------+----------+-------------------------------------------
     0 | D:1      | psko the Spriggan Conjurer began the quest for the Orb.
     0 | D:1      | Reached XP level 1. HP: 9/9 MP: 5/5
   321 | D:1      | Reached XP level 2. HP: 13/13 MP: 4/6
   324 | D:1      | Learned a level 2 spell: Searing Ray
   702 | D:2      | Reached skill level 3 in Spellcasting
   702 | D:2      | Reached XP level 3. HP: 16/16 MP: 4/8
  1565 | D:3      | Reached XP level 4. HP: 21/21 MP: 7/9
  1565 | D:3      | Noticed a scorpion
  1583 | D:3      | Killed a scorpion
  1996 | D:3      | Learned a level 3 spell: Conjure Flame
  2112 | D:4      | Found a hazy altar of Hepliaklqana.
  2140 | D:4      | Reached skill level 4 in Spellcasting
  2140 | D:4      | Reached XP level 5. HP: 13/24 MP: 7/12
  2309 | D:4      | Noticed an ogre
  2324 | D:4      | Killed an ogre
  2325 | D:4      | Reached skill level 5 in Spellcasting
  2325 | D:4      | Reached XP level 6. HP: 28/28 MP: 10/14
  2402 | D:4      | Found a radiant altar of Vehumet.
  2428 | D:4      | Became a worshipper of Vehumet
  2574 | D:4      | Noticed Pikel
  2970 | D:4      | Noticed Edmund
  3015 | D:4      | Killed Edmund
  3016 | D:4      | Reached skill level 6 in Spellcasting
  3071 | D:4      | Killed Pikel
  3072 | D:4      | Reached skill level 1 in Short Blades
  3072 | D:4      | Reached skill level 7 in Spellcasting
  3072 | D:4      | Reached skill level 5 in Conjurations
  3072 | D:4      | Reached XP level 7. HP: 29/32 MP: 0/18
  3219 | D:5      | Entered Level 5 of the Dungeon
  3224 | D:5      | Reached XP level 8. HP: 37/37 MP: 16/20
  3227 | D:5      | Noticed Menkaure
  3374 | D:4      | Learned a level 3 spell: Dazzling Flash
  3767 | D:4      | Killed Menkaure
  3991 | D:5      | Reached skill level 8 in Spellcasting
  4147 | D:5      | Found an ornate altar of the Wu Jian Council.
  4558 | D:5      | Reached skill level 1 in Fighting
  4607 | D:5      | Found Faryiro's Antique Armour Emporium.
  5198 | D:5      | Reached * piety under Vehumet
  5198 | D:5      | Offered knowledge of Freeze by Vehumet.
  5391 | D:5      | Reached skill level 5 in Dodging
  5391 | D:5      | Reached skill level 9 in Spellcasting
  5820 | D:6      | Found a large runed translucent door.
  5823 | D:6      | Found a large runed translucent door.
  5837 | D:6      | Reached XP level 9. HP: 42/42 MP: 21/23
  5872 | D:6      | Found an iron altar of Okawaru.
  5884 | D:6      | Found a shadowy altar of Dithmenos.
  6497 | D:6      | You are sucked into a shaft and drop 3 floors!
  7221 | D:8      | Found a runed translucent door.
  7222 | D:8      | Noticed zurenarrh's ghost (novice GnWn)
  7222 | D:8      | Noticed a freezing wraith
  7344 | D:8      | Reached skill level 10 in Spellcasting
  7846 | D:7      | Found a staircase to the Ecumenical Temple.
  7859 | D:7      | Found a basalt altar of Yredelemnul.
  8109 | D:7      | Found a stormy altar of Qazlal.
  8284 | D:7      | Found a sacrificial altar of Ru.
  9067 | D:7      | Found a glowing silver altar of Zin.
  9067 | D:7      | Noticed an angel
  9463 | D:6      | Noticed Sigmund
  9470 | D:6      | Killed Sigmund
 10007 | D:8      | Found a blossoming altar of Fedhas.
 10484 | D:8      | Shot with an arrow by a centaur

Illustrated notes

Levels and vault maps discovered:
D:1:      eino_arrival_tree_alley, layout_rooms, chequers_serial_rivers_micro_d,
          minmay_misc_feat_doors
D:2:      layout_basic
D:3:      layout_rooms
D:4:      layout_basic, lemuel_round_altar, vehumet_crystals,
          chequers_mini_garden, uniq_pikel, uniq_edmund
D:5:      layout_rooms, lemuel_tele_altar, serial_undead, serial_undead_c,
          serial_undead_b, serial_undead_f, serial_undead_d, serial_shops, shop,
          kennysheep_doodads, uniq_menkaure
D:6:      layout_rooms, jmf_multi_god_temple2, uniq_sigmund
D:7:      layout_gridville, amcnicky_altar_gilded,
          mainiacjoe_overflow_concentric_impassable, zin_angel,
          yredelemnul_altar_generic, minmay_temple_entry_hall
D:8:      layout_loops_cross, fedhas_bush_and_centaur_altar,
          ebering_ghost_inner_flame
D:9:      layout_loops_ring, lemuel_zombie_altar_kikubaaqudgha,
          grunt_ministairs_6

Skill      XL: |  1  2  3  4  5  6  7  8  9 |
---------------+----------------------------+-----
Conjurations   | 3 4 5 6 7 |  7.1
Spellcasting   | 3 4 5 7 9 10 | 10.4
Dodging        | 3 4 5 6 |  6.7
Short Blades   | 1 2 4 |  4.3
Fighting       | 1 2 |  2.5
Stealth        | 4 |  4.7
Fire Magic     | |  0.5

Action                   |  1- 3 |  4- 6 |  7- 9 || total
-------------------------+-------+-------+-------++-------
Melee: Short sword       |    18 |    43 |   605 ||   666
       Punch             |     1 |       |    20 ||    21
 Cast: Magic Dart        |    60 |    48 |   169 ||   277
       Searing Ray       |       |    47 |   115 ||   162
       Conjure Flame     |       |     2 |     2 ||     4
  Use: Scroll            |     4 |       |     5 ||     9
Armor: Robe              |     3 |     1 |    21 ||    25
Dodge: Dodged            |    17 |    45 |   278 ||   340
       Repelled          |       |       |     1 ||     1
